 Dungeon Crawl Stone Soup version 0.21-a0-538-gd16b88a (webtiles) character file.

2633 Gorice the Grappler (level 9, -4/72 HPs)
             Began as a Demonspawn Wanderer on Dec 15, 2017.
             Was a Follower of Yredelemnul.
             Shot with a bolt by an orc warrior (7 damage)
             ... in a bailey on Dec 16, 2017.
             The game lasted 00:28:01 (7521 turns).

Gorice the Grappler (Demonspawn Wanderer)           Turns: 7521, Time: 00:28:02

Health: -4/72      AC: 14    Str: 18    XL:     9   Next: 35%
Magic:  9/9        EV:  6    Int: 11    God:    Yredelemnul [*.....]
Gold:   437        SH:  0    Dex: 13    Spells: 8/8 levels left

rFire    . . .     SeeInvis .     - Unarmed
rCold    . . .     Gourm    .   (no shield)
rNeg     . . .     Faith    .   F - +0 plate armour
rPois    .         Spirit   .   (helmet restricted)
rElec    .         Reflect  .   (no cloak)
rCorr    .         Harm     .   (no gloves)
MR       .....                  A - +0 pair of boots
Stlth    ..........             h - amulet of regeneration
HPRegen  0.62/turn              J - +1 ring of evasion
MPRegen  0.11/turn              (no ring)

@: no status effects
A: claws 2, horns 1, talons 1, powered by death 2, spiny 1
a: Animate Remains, Renounce Religion


You were in a bailey.
You worshipped Yredelemnul.
Yredelemnul was aware of your devotion.
You were not hungry.

You visited 2 branches of the dungeon, and saw 9 of its levels.
You also visited: Sewer and Bailey.

You collected 437 gold pieces.

Inventory:

Hand Weapons
 a - a +2 hand axe
 B - a +0 blowgun
 N - a +2 falchion of flaming
   (You took it off a big kobold on level 8 of the Dungeon)
Missiles
 r - 54 bolts
 K - 10 poisoned needles
 M - 4 silver tomahawks (quivered)
 Y - 163 stones
Armour
 o - a +0 pair of gloves
 A - a +0 pair of boots (worn)
 F - a +0 plate armour (worn)
 I - a +1 pair of gloves
Jewellery
 h - an amulet of regeneration (around neck)
 m - a +4 amulet of reflection
 y - an uncursed amulet of rage {unknown}
 J - a +1 ring of evasion (left claw)
Scrolls
 c - 9 scrolls of teleportation {!r}
 i - 2 scrolls of amnesia
 p - 7 scrolls of blinking
 w - a scroll of fear {!r}
 G - a scroll of remove curse
 H - a scroll of enchant armour
Potions
 b - 2 potions of lignification {!q}
 j - a potion of cancellation {unknown}
 k - 4 potions of brilliance {!q}
 q - a potion of haste {!q}
 s - 2 potions of heal wounds {!q}
 u - 5 potions of curing
 v - 3 potions of might {!q}
 x - 2 potions of magic {unknown}
 z - 2 potions of flight {unknown}
 C - a potion of berserk rage {unknown}
 E - a potion of invisibility {unknown}
Books
 e - a book of Cantrips
Comestibles
 f - 4 bread rations {!e}
 g - 10 fruits
 n - 2 royal jellies
 t - 3 meat rations {!e}
 L - 15 chunks of flesh


   Skills:
 - Level 7.0 Fighting
 - Level 3.1 Axes
 - Level 1.0 Throwing
 + Level 6.5 Armour
 - Level 1.0 Stealth
 * Level 9.1 Unarmed Combat


You had 8 spell levels left.
You didn't know any spells.

Dungeon Overview and Level Annotations

Branches:
Dungeon (8/15)             Temple (1/1) D:6            Lair (0/6) D:8

Altars:
Ashenzari
Cheibriados
Dithmenos
Elyvilon
Fedhas
Gozag
Hepliaklqana
Kikubaaqudgha
Makhleb
Nemelex Xobeh
Okawaru
Qazlal
Ru
Sif Muna
Trog
Uskayaw
Vehumet
Wu Jian
Xom
Yredelemnul
Zin
The Shining One

Annotations:
D:5 Eustachio
D:8 mortelune's ghost, novice DEFE


Innate Abilities, Weirdness & Mutations

You have very sharp fingernails.
You have a pair of small horns on your head.
You have sharp toenails.
You regenerate health from kills.
You are partially covered in sharp spines.


Message History

You see here a bolt.
Found a gate leading back out of this place.
The orc shoots a bolt.
The bolt hits you but does no damage.
You see here a bolt.
The orc shoots a bolt.
The bolt hits you!
You see here a bolt.
Damage: 6 (max 10)
You see here a bolt.
The orc warrior shoots a bolt.
The bolt hits you.
Damage: 5 (max 10)
The orc warrior shoots a bolt.
The bolt hits you.
You see here a bolt.
Damage: 3 (max 10)
The orc shoots a bolt.
The bolt hits you!
You see here a bolt.
Damage: 11 (max 11)
The orc shoots a bolt.
The bolt hits you.
You see here a bolt.
Damage: 1 (max 11)
The orc shoots a bolt.
The bolt hits you!
* * * LOW HITPOINT WARNING * * *
You see here a bolt.
Damage: 9 (max 11)
The orc warrior shoots a bolt.
The bolt hits you!
* * * LOW HITPOINT WARNING * * *
You see here a bolt.
Damage: 12 (max 12)
The orc warrior shoots a bolt.
The bolt hits you!
* * * LOW HITPOINT WARNING * * *
You see here a bolt.
Damage: 8 (max 12)
The orc shoots a bolt.
The bolt hits you but does no damage.
You see here a bolt.
The orc warrior shoots a bolt.
The bolt hits you but does no damage.
You see here a bolt.
The orc warrior shoots a bolt.
The bolt hits you!
* * * LOW HITPOINT WARNING * * *
You see here a bolt.
Damage: 14 (max 14)
The orc warrior shoots a bolt.
The bolt hits you.
* * * LOW HITPOINT WARNING * * *
You see here a bolt.
Damage: 1 (max 14)
The orc warrior shoots a bolt.
The bolt hits you.
* * * LOW HITPOINT WARNING * * *
You see here a bolt.
Damage: 2 (max 14)
The orc warrior shoots a bolt.
The bolt hits you!
You die...
Your body rises from the dead as a mindless zombie.

##################
................∩#
...............∩.#
..............(..#
.............((..#
................@#
......(.(..(....(#
.....≈≈≈≈≈(......#
....≈≈#.#≈≈(...(.#
....≈##.##≈...(..#
....≈..^oo≈(.....#
....≈#∩.##≈((....#
....≈≈#.#≈≈......#
#....≈≈≈≈≈(......#


You could see an orc warrior.

Vanquished Creatures
  Grinder (D:4)
  A hippogriff (D:7)
  Edmund (D:4)
  2 sky beasts
  A black bear (D:6)
  A phantom (D:8)
  6 centaurs
  2 ogres
  3 big kobolds
  3 bullfrogs
  A scorpion (D:8)
  A crimson imp (D:6)
  A bullfrog zombie (D:5)
  3 hounds
  2 jellies
  An orc priest (D:5)
  A bullfrog skeleton (D:5)
  An iguana (D:5)
  An orc wizard (D:4)
  3 worker ants
  A hound skeleton (D:4)
  5 gnolls
  A howler monkey skeleton (D:6)
  4 river rats
  6 adders
  3 oozes
  A worm (D:3)
  3 dart slugs
  4 leopard geckos
  7 orcs
  3 bats
  6 giant cockroaches
  11 goblins
  8 hobgoblins
  3 jackals
  16 ball pythons
  5 frilled lizards
  A giant cockroach zombie (D:5)
  12 kobolds
  30 rats
166 creatures vanquished.

Vanquished Creatures (others)
  3 fungi (D:8)
  A plant (D:8)
4 creatures vanquished.

Grand Total: 170 creatures vanquished

Notes
Turn   | Place    | Note
-------+----------+-------------------------------------------
     0 | D:1      | Gorice the Demonspawn Wanderer began the quest for the Orb.
     0 | D:1      | Gorice set off with: a +2 hand axe, a potion of lignification {!q}, a scroll of teleportation {!r}, a +0 robe, a bread ration {!e}
     0 | D:1      | Reached XP level 1. HP: 24/24 MP: 1/1
   536 | D:1      | Gained mutation: You regenerate a little health from kills. [demonic ancestry]
   536 | D:1      | Reached XP level 2. HP: 31/31 MP: 2/2
   567 | D:1      | Reached skill level 2 in Axes
  1234 | D:2      | Gained mutation: You have a pair of small horns on your head. [demonic ancestry]
  1234 | D:2      | Reached XP level 3. HP: 36/36 MP: 3/3
  1604 | D:2      | Reached skill level 1 in Armour
  2026 | D:3      | Reached skill level 3 in Axes
  2202 | D:3      | Gained mutation: You have sharp fingernails. [demonic ancestry]
  2202 | D:3      | Reached XP level 4. HP: 34/43 MP: 4/4
  2239 | D:3      | Found a glowing drain.
  2243 | Sewer    | Entered a sewer
  2283 | Sewer    | Reached skill level 1 in Unarmed Combat
  2711 | Sewer    | Noticed a bullfrog
  2721 | Sewer    | Noticed a bullfrog
  2732 | Sewer    | Reached skill level 2 in Armour
  2732 | Sewer    | Gained mutation: You have very sharp fingernails. [demonic ancestry]
  2732 | Sewer    | Reached XP level 5. HP: 33/48 MP: 5/5
  2736 | Sewer    | Reached skill level 2 in Unarmed Combat
  2738 | Sewer    | HP: 14/48 [bullfrog (6)]
  2743 | Sewer    | Reached skill level 3 in Unarmed Combat
  2744 | Sewer    | Reached XP level 6. HP: 39/55 MP: 6/6
  3425 | D:4      | Noticed Edmund
  3459 | D:4      | Killed Edmund
  3459 | D:4      | Reached skill level 3 in Armour
  3459 | D:4      | Reached skill level 4 in Unarmed Combat
  3855 | D:4      | Noticed Grinder
  3874 | D:4      | Killed Grinder
  3874 | D:4      | Gained mutation: You have sharp toenails. [demonic ancestry]
  3874 | D:4      | Reached XP level 7. HP: 34/60 MP: 7/7
  4011 | D:5      | Entered Level 5 of the Dungeon
  4032 | D:4      | Reached skill level 5 in Unarmed Combat
  4193 | D:5      | Found a white marble altar of Elyvilon.
  4216 | D:5      | Reached skill level 4 in Armour
  4432 | D:5      | Noticed Eustachio
  4504 | D:5      | Reached skill level 6 in Unarmed Combat
  4504 | D:5      | Gained mutation: You regenerate health from kills. [demonic ancestry]
  4504 | D:5      | Reached XP level 8. HP: 57/67 MP: 8/8
  5167 | D:6      | Found a staircase to the Ecumenical Temple.
  5190 | Temple   | Entered the Ecumenical Temple
  5228 | Temple   | Became a worshipper of Yredelemnul the Dark
  5322 | D:6      | Found an iron altar of Okawaru.
  5365 | D:6      | Reached skill level 5 in Armour
  5365 | D:6      | Reached skill level 7 in Unarmed Combat
  5601 | D:6      | Found a glowing golden altar of the Shining One.
  6204 | D:7      | Reached skill level 8 in Unarmed Combat
  6215 | D:7      | Noticed a hippogriff
  6226 | D:7      | Killed a hippogriff
  6226 | D:7      | Gained mutation: You are partially covered in sharp spines. [demonic ancestry]
  6226 | D:7      | Reached XP level 9. HP: 66/72 MP: 9/9
  6491 | D:7      | Reached skill level 6 in Armour
  7000 | D:8      | Noticed mortelune's ghost (novice DEFE)
  7004 | D:8      | Noticed a two-headed ogre
  7162 | D:8      | Found a staircase to the Lair.
  7388 | D:8      | Reached skill level 9 in Unarmed Combat
  7393 | D:8      | Reached * piety under Yredelemnul
  7431 | D:8      | Found a flagged portal.
  7464 | Bailey   | Entered a bailey
  7511 | Bailey   | HP: 15/72 [orc warrior/bolt (8)]
  7517 | Bailey   | HP: 5/72 [orc warrior/bolt (14)]
  7520 | Bailey   | HP: 2/72 [orc warrior/bolt (3)]
  7521 | Bailey   | Shot with a bolt by an orc warrior

Vault maps used:
D:1:      dpeg_arrival_orchard, nrook_uturn
D:2:      kennysheep_minor_cross
D:3:      gup_sewer_entry_spiral
D:4:      first_bread, eino_small_chamber_without_monster, uniq_edmund,
          uniq_grinder
D:5:      elyvilon_altar_5, uniq_eustachio
D:6:      lemuel_crystal_altar, minmay_temple_entry_statues_pillars,
          tso_metal_star
D:8:      dpeg_oklobed_lair, enter_bailey_7, serial_shops, shop,
          hangedman_ranch, uniq_pikel
Temple:   regret_index_temple_chain_breaker
Sewer:    sewer_minmay_w
Bailey:   bailey_polearm_2, bailey

Skill      XL: |  1  2  3  4  5  6  7  8  9 |
---------------+----------------------------+-----
Axes           | 2 3 |  3.1
Armour         | 1 2 3 4 5 6 |  6.5
Unarmed Combat | 1 3 4 6 8 9 |  9.1
Fighting       | |  7.0
Throwing       | |  1.0
Stealth        | |  1.0

Action                   |  1- 3 |  4- 6 |  7- 9 || total
-------------------------+-------+-------+-------++-------
Melee: Hand axe          |   115 |   189 |     3 ||   307
       Headbutt          |     7 |    22 |    41 ||    70
       Punch             |       |     1 |     1 ||     2
       Unarmed           |       |       |   236 ||   236
       Kick              |       |       |    33 ||    33
Throw: Stone             |     3 |     1 |     1 ||     5
       Tomahawk          |       |     6 |     8 ||    14
  Use: Scroll            |     7 |     4 |     4 ||    15
       Potion            |       |     2 |       ||     2
 Stab: Sleeping          |     1 |       |       ||     1
  Eat: Chunk             |     4 |     6 |     8 ||    18
       Meat ration       |       |       |     1 ||     1
Armor: Robe              |     1 |       |       ||     1
       Chain mail        |    74 |   127 |    69 ||   270
       Plate armour      |       |       |    93 ||    93
Dodge: Dodged            |    31 |    64 |    81 ||   176
Block: Other             |     1 |       |       ||     1

Table legend:
 A = Spawn XP
 B = Non-spawn XP
 C = Spawn XP percentage of total XP
 D = Spawn monster count
 E = Non-spawn monster count
 F = Spawn count percentage of total count
 G = Total turns spent on level
                    A         B        C        D         E        F      G
               +---------+---------+-------+---------+---------+-------+---------
         Total |       0 |    3762 |   0.0 |       0 |     166 |   0.0 |  7521
               +---------+---------+-------+---------+---------+-------+---------
           D:1 |       0 |      32 |   0.0 |       0 |      17 |   0.0 |  1181
           D:2 |       0 |      45 |   0.0 |       0 |      14 |   0.0 |   668
           D:3 |       0 |      54 |   0.0 |       0 |      14 |   0.0 |   873
           D:4 |       0 |     551 |   0.0 |       0 |      12 |   0.0 |   829
           D:5 |       0 |     708 |   0.0 |       0 |      21 |   0.0 |   919
           D:6 |       0 |     572 |   0.0 |       0 |       9 |   0.0 |   758
           D:7 |       0 |     665 |   0.0 |       0 |      15 |   0.0 |  1158
           D:8 |       0 |     852 |   0.0 |       0 |      16 |   0.0 |   334
         Sewer |       0 |     283 |   0.0 |       0 |      48 |   0.0 |   618
               +---------+---------+-------+---------+---------+-------+---------

Table legend:
 A = Turns spent in this place as a percentage of turns spent in the entire game.
 B = Non-inter-level travel turns spent in this place as a percentage of non-inter-level travel turns spent in the entire game.
 C = Inter-level travel turns spent in this place as a percentage of turns spent in this place.
 D = Turns resting spent in this place as a percentage of non-inter-level travel turns spent in this place.
 E = Turns spent auto-exploring this place as a percentage of non-inter-level travel turns spent in this place.
 F = Non-inter-level travel turns spent in this place divided by the number of levels of this place that you've seen.
                   A       B       C       D       E      F
               +-------+-------+-------+-------+-------+----------------------
         Total | 100.0 | 100.0 |   4.8 |  10.5 |  49.6 | 651.1
       Dungeon |  89.3 |  88.9 |   5.3 |  10.1 |  54.6 | 795.9
        Temple |   1.7 |   1.7 |   4.8 |   0.0 |  66.7 | 120.0
         Sewer |   8.2 |   8.6 |   0.0 |  15.2 |   0.0 | 618.0
        Bailey |   0.8 |   0.8 |   0.0 |  35.1 |   0.0 |  57.0
               +-------+-------+-------+-------+-------+----------------------

Vault maps used:
D:1:      dpeg_arrival_orchard, nrook_uturn
D:2:      kennysheep_minor_cross
D:3:      gup_sewer_entry_spiral
D:4:      first_bread, eino_small_chamber_without_monster, uniq_edmund,
          uniq_grinder
D:5:      elyvilon_altar_5, uniq_eustachio
D:6:      lemuel_crystal_altar, minmay_temple_entry_statues_pillars,
          tso_metal_star
D:8:      dpeg_oklobed_lair, enter_bailey_7, serial_shops, shop,
          hangedman_ranch, uniq_pikel
Temple:   regret_index_temple_chain_breaker
Sewer:    sewer_minmay_w
Bailey:   bailey_polearm_2, bailey
